 Dungeon Crawl Stone Soup version 0.22-a0-833-g8522bf8 (webtiles) character file.

104 inc the Shield-Bearer (level 4, 0/31 HPs)
             Began as an Octopode Fighter on July 25, 2018.
             Was an Initiate of Okawaru.
             Slain by Robin
             ... wielding a cursed +0 whip
              (6 damage)
             ... on level 3 of the Dungeon.
             The game lasted 00:02:53 (1897 turns).

inc the Shield-Bearer (Octopode Fighter)            Turns: 1897, Time: 00:02:55

Health: 0/31       AC:  1    Str: 15    XL:     4   Next: 80%
Magic:  4/4        EV: 12    Int: 11    God:    Okawaru [......]
Gold:   82         SH:  9    Dex: 11    Spells: 3/3 levels left

rFire    . . .     SeeInvis .     - Unarmed
rCold    . . .     Gourm    .   a - +0 shield
rNeg     . . .     Faith    .   (helmet restricted)
rPois    .         Spirit   .   (no amulet)
rElec    .         Reflect  .   (no ring)
rCorr    .         Harm     .   (no ring)
MR       .....                  (no ring)
Stlth    ++........             (no ring)
HPRegen  0.10/turn              (no ring)
MPRegen  0.09/turn              (no ring)
                                (no ring)
                                (no ring)

@: no status effects
A: almost no armour, stealthy swim, amphibious, 8 rings, constrict 8, camouflage
1, gelatinous body 1
a: Renounce Religion


You were on level 3 of the Dungeon.
You worshipped Okawaru.
Okawaru was noncommittal.
You were not hungry.

You visited 1 branch of the dungeon, and saw 3 of its levels.

You collected 82 gold pieces.

Inventory:

Armour
 a - a +0 shield (worn)
Scrolls
 d - 3 scrolls of blinking {unknown}
 f - a scroll of random uselessness {unknown}
 g - 3 scrolls of identify {unknown}
 h - 2 scrolls of enchant weapon {unknown}
 i - a scroll of magic mapping {unknown}
 j - a scroll of fear {unknown}
Potions
 b - a potion of might
 e - a potion of brilliance {unknown}
Comestibles
 c - 5 rations
 k - 4 chunks of flesh


   Skills:
 - Level 3.0 Fighting
 - Level 3.0 Dodging
 + Level 5.3 Shields
 - Level 2.0 Unarmed Combat


You had 3 spell levels left.
You didn't know any spells.
Your spell library was empty.

Dungeon Overview and Level Annotations

Branches:
Dungeon (3/15)

Altars:
Ashenzari
Elyvilon
Okawaru

Annotations:
D:3 Robin


Innate Abilities, Weirdness & Mutations

You cannot wear most types of armour.
You are very stealthy in the water. (Stealth+)
You are amphibious.
You can wear up to eight rings at the same time.
You can use your tentacles to constrict eight enemies at once.
Your skin changes colour to match your surroundings (Stealth+).
Your rubbery body absorbs attacks. (AC +1, EV +1)


Message History

The goblin is moderately wounded.
The goblin hits you with a dagger.
* * * LOW HITPOINT WARNING * * *
Okay, then.
You tentacle-slap the goblin. You grab the goblin.
The goblin is severely wounded.
You constrict the goblin.
You kill the goblin!
Okawaru accepts your kill.
You barely miss Robin. You grab Robin. You constrict Robin.
Robin hits you with a whip.
* * * LOW HITPOINT WARNING * * *
You tentacle-slap Robin. x2; You squeeze Robin, but do no damage.
Robin is moderately wounded.
You constrict Robin, but do no damage.
The hobgoblin no longer looks unusually strong.
Robin roars a battlecry!
The hobgoblin goes into a battle-frenzy!
Robin hits you with a whip.
You die...

#.....# ##.##<....#
..#...# #..##.###.#
.##.#####.....# ..
....#......#### #
..........##
.....#....# ..........#
## ..........#######.#
.............ggg@.#
.............)#####
..........##...#####...
...........K...>.......
....#.#......##.#>.###
....._....)g.##...##
....#.#.##.#.....##
...........##.....
...........#..%....


You could see Robin and 2 hobgoblins.

Vanquished Creatures
  A hound skeleton (D:3)
  3 adders (D:2)
  A worm (D:2)
  2 dart slugs
  3 leopard geckos
  A giant cockroach (D:1)
  10 goblins
  8 hobgoblins
  5 jackals
  A kobold (D:2)
  A quokka (D:3)
  A ball python (D:1)
  2 bats
  7 frilled lizards
  8 rats
54 creatures vanquished.

Notes
Turn   | Place    | Note
-------+----------+-------------------------------------------
     0 | D:1      | inc the Octopode Fighter began the quest for the Orb.
     0 | D:1      | Reached XP level 1. HP: 16/16 MP: 1/1
    13 | D:1      | Found an iron altar of Okawaru.
    89 | D:1      | Became a worshipper of Warmaster Okawaru
   160 | D:1      | Reached XP level 2. HP: 10/21 MP: 2/2
   748 | D:1      | Reached skill level 4 in Shields
   904 | D:2      | Reached XP level 3. HP: 21/26 MP: 3/3
  1457 | D:2      | Found a white marble altar of Elyvilon.
  1537 | D:2      | Reached XP level 4. HP: 31/31 MP: 4/4
  1666 | D:3      | Found a shattered altar of Ashenzari.
  1729 | D:3      | Reached skill level 5 in Shields
  1880 | D:3      | Noticed Robin
  1897 | D:3      | Slain by Robin

Vault maps used:
D:1:      dpeg_arrival_rooms_c, serial_glass, glass_columns_b, glass_columns_a,
          feat_on_display, okawaru_ov_weapons_minmay
D:2:      elyvilon_altar_3
D:3:      ashenzari_altar_1, nicolae_overflow_crystal_walls,
          nicolae_dithmenos_shadow_blocks, uniq_crazy_yiuf_cottage, uniq_robin

Skill      XL: |  1  2  3  4 |
---------------+-------------+-----
Shields        | 4 5 |  5.3
Fighting       | |  3.0
Dodging        | |  3.0
Unarmed Combat | |  2.0

Action                   |  1- 3 |  4- 6 || total
-------------------------+-------+-------++-------
Melee: Unarmed           |    71 |    43 ||   114
       Constrict         |    16 |    17 ||    33
       Tentacles         |    16 |    13 ||    29
       Punch             |       |     2 ||     2
 Stab: Sleeping          |     9 |     1 ||    10
  Eat: Chunk             |     2 |     1 ||     3
Armor: Skin              |     5 |     1 ||     6
Dodge: Dodged            |    20 |    16 ||    36
Block: Shield            |    25 |    11 ||    36

Table legend:
 A = Spawn XP
 B = Non-spawn XP
 C = Spawn XP percentage of total XP
 D = Spawn monster count
 E = Non-spawn monster count
 F = Spawn count percentage of total count
 G = Total turns spent on level
                    A         B        C        D         E        F      G
               +---------+---------+-------+---------+---------+-------+---------
         Total |       0 |     149 |   0.0 |       0 |      54 |   0.0 |  1897
               +---------+---------+-------+---------+---------+-------+---------
           D:1 |       0 |      29 |   0.0 |       0 |      17 |   0.0 |   895
           D:2 |       0 |      65 |   0.0 |       0 |      16 |   0.0 |   753
           D:3 |       0 |      55 |   0.0 |       0 |      21 |   0.0 |   249
               +---------+---------+-------+---------+---------+-------+---------
